 Dungeon Crawl Stone Soup version 0.30-a0-1074-g5db6f66fbb (webtiles) character file.

Game seed: 6155584808403670025

528468 CornPuffBuddha the Conqueror (level 25, -2/257 HPs)
             Began as a Hill Orc Monk on Apr 7, 2023.
             Was the Champion of Beogh.
             Slain by a storm dragon (23 damage)
             ... on level 3 of the Realm of Zot on Apr 13, 2023.
             The game lasted 05:44:29 (55325 turns).

CornPuffBuddha the Conqueror (Hill Orc Monk)       Turns: 55325, Time: 05:44:30

Health: -2/257     AC: 56    Str: 31    XL:     25   Next: 55%
Magic:  30/34      EV: 14    Int: 10    God:    Beogh [******]
Gold:   2861       SH:  0    Dex: 11    Spells: 24/24 levels left

rFire   . . .      SeeInvis .    X - +9 battleaxe (drain)
rCold   + + .      Faith    .    (shield currently unavailable)
rNeg    + + +      Spirit   .    J - +15 Maxwell's patent armour {-Cast -Tele rElec Will+ rCorr}
rPois   +          Reflect  .    i - +2 helmet
rElec   +          Rampage  .    K - +1 cloak of Ytidic {Slay+4}
rCorr   +          NoTele   +    P - +1 pair of gloves "Efonamod" {Contam rPois rN+++ rCorr}
Will    ++...      NoCast   +    M - +2 pair of boots Stlth
                                 r - amulet of regeneration
HPRegen 1.42/turn                g - ring of Tatuhoit {Drain Fly Str+5 Slay+3}
MPRegen 0.24/turn                U - ring of Cyffer {+Blink rC++ rCorr AC+4 Dex-2}

@: flying, slowed, recalling, very slow
A: walk on water
}: 3/15 runes: serpentine, barnacled, abyssal
a: Renounce Religion, Evoke Blink, Smiting, Stop Recall, Give Item to Named
Follower, Resurrection


You were on level 3 of the Realm of Zot.
You worshipped Beogh.
Beogh was exalted by your worship.
You visited 11 branches of the dungeon, and saw 48 of its levels.
You visited the Abyss 4 times.
You visited 2 bazaars.
You also visited: Sewer, Bailey, Gauntlet and Wizlab.

You collected 5844 gold pieces.
You spent 2983 gold pieces at shops.

Inventory:

Hand Weapons
 X - a +9 battleaxe of draining (weapon)
Missiles
 a - 4 silver boomerangs
 j - 2 throwing nets
 p - 8 silver javelins (quivered)
 t - 41 boomerangs
 w - 9 boomerangs of dispersal
 G - a curare-tipped dart
 Y - 6 atropa-tipped darts
Armour
 i - a +2 helmet (worn)
 C - the +11 ice dragon scales of Shadows and Fog {Harm rF- rC++ rCorr MP-9 Dex+4}
   (You acquired it on level 11 of the Dungeon)

   Dex:       It affects your dexterity (+4).
   rF:        It makes you vulnerable to fire.
   rC:        It greatly protects you from cold.
   MP:        It affects your magic capacity (-9).
   rCorr:     It protects you from acid and corrosion.
   Harm:      It increases damage dealt and taken.
 H - +10 storm dragon scales {Bai Suzhen}
 J - the +15 Maxwell's patent armour (worn) {-Cast -Tele rElec Will+ rCorr}
   (You acquired it on level 2 of the Depths)

   rElec:     It insulates you from electricity.
   -Cast:     It prevents spellcasting.
   -Tele:     It prevents most forms of teleportation.
   rCorr:     It protects you from acid and corrosion.
   Will:      It increases your willpower.
 K - the +1 cloak of Ytidic (worn) {Slay+4}
   (You found it on level 2 of the Vaults)

   Slay:      It affects your accuracy & damage with ranged weapons and melee
   (+4).
 M - a +2 pair of boots (worn)
 P - the +1 pair of gloves "Efonamod" (worn) {Contam rPois rN+++ rCorr}
   (You acquired it in a bailey)

   rPois:     It protects you from poison.
   rN:        It renders you almost immune to negative energy.
   Contam:    It causes magical contamination when unequipped.
   rCorr:     It protects you from acid and corrosion.
 R - the +1 pair of gloves of Spring {rElec rF+}
   (You bought it in a shop in a bazaar)

   rF:        It protects you from fire.
   rElec:     It insulates you from electricity.
Jewellery
 g - the ring of Tatuhoit (left hand) {Drain Fly Str+5 Slay+3}
   (You bought it in a shop in a bazaar)

   [ring of flight]

   Str:       It affects your strength (+5).
   Slay:      It affects your accuracy & damage with ranged weapons and melee
   (+3).
   Fly:       It grants you flight.
   Drain:     It drains your maximum health when unequipped.
 r - an amulet of regeneration (around neck)
 U - the ring of Cyffer (right hand) {+Blink rC++ rCorr AC+4 Dex-2}
   (You took it off a merfolk on level 4 of the Shoals)

   [ring of protection]

   AC:        It affects your AC (+4).
   Dex:       It affects your dexterity (-2).
   rC:        It greatly protects you from cold.
   +Blink:    It lets you blink.
   rCorr:     It protects you from acid and corrosion.
Wands
 d - a wand of flame (66)
 l - a wand of digging (6)
 s - a wand of mindburst (33)
 x - a wand of quicksilver (2)
 L - a wand of paralysis (32)
 O - a wand of polymorph (25)
 V - a wand of roots (33)
Scrolls
 h - 11 scrolls of teleportation
 m - 2 scrolls of summoning
 o - 8 scrolls of fear
 y - 9 scrolls of amnesia
 A - 9 scrolls of poison
 D - 12 scrolls of fog
 I - 2 scrolls of silence
 N - a scroll of acquirement
 W - 3 scrolls of magic mapping
 Z - 4 scrolls of brand weapon
Potions
 b - 3 potions of heal wounds
 c - 3 potions of ambrosia
 f - 4 potions of resistance
 k - 6 potions of mutation
 n - a potion of berserk rage
 q - 12 potions of haste
 u - 15 potions of curing
 v - a potion of cancellation
 z - 15 potions of flight
 B - 6 potions of might
 F - a potion of brilliance
 T - 8 potions of magic
Miscellaneous
 e - a phantom mirror
 E - a tin of tremorstones (2/2)
 Q - a box of beasts


   Skills:
 O Level 27 Fighting
 - Level 20.0 Axes
 - Level 12.0 Throwing
 O Level 27 Armour
 - Level 15.0 Dodging
 - Level 1.5 Stealth
 - Level 15.0 Invocations
 + Level 13.3 Evocations


You had 24 spell levels left.
You didn't know any spells.
Your spell library contained the following spells:

 Spells                   Type           Power      Damage    Failure   Level
 Necrotise                Necr           0%         1d4       69%         1
 Sandblast                Erth           0%         2d4       69%         1
 Slow                     Hex            0%         N/A       69%         1
 Blink                    Tloc           0%         N/A       83%         2
 Cigotuvi's Dreadful Rot  Necr/Pois/Air  0%         N/A       83%         2
 Passwall                 Tmut/Erth      0%         N/A       83%         2
 Poisonous Vapours        Pois/Air       0%         N/A       83%         2
 Scorch                   Fire           0%         2d5       83%         2
 Sublimation of Blood     Necr           0%         N/A       83%         2
 Wereblood                Tmut           0%         N/A       83%         2
 Confusing Touch          Hex            0%         N/A       96%         3
 Frozen Ramparts          Ice            0%         1d1       96%         3
 Ignite Poison            Fire/Tmut/Pois 0%         N/A       96%         3
 Mephitic Cloud           Conj/Pois/Air  0%         N/A       96%         3
 Ozocubu's Armour         Ice            0%         N/A       96%         3
 Portal Projectile        Hex/Tloc       0%         N/A       96%         3
 Stone Arrow              Conj/Erth      0%         3d7       96%         3
 Tukima's Dance           Hex            0%         N/A       96%         3
 Vampiric Draining        Necr           0%         2d6       96%         3
 Anguish                  Hex/Necr       0%         N/A       100%        4
 Animate Armour           Summ/Erth      0%         N/A       100%        4
 Animate Dead             Necr           0%         N/A       100%        4
 Flame Wave               Conj/Fire      0%         2d4       100%        4
 Leda's Liquefaction      Hex/Erth       0%         N/A       100%        4
 Manifold Assault         Tloc           0%         N/A       100%        4
 Passage of Golubria      Tloc           0%         N/A       100%        4
 Agony                    Necr           0%         N/A       100%        5
 Alistair's Intoxication  Tmut/Pois      0%         N/A       100%        5
 Blade Hands              Tmut           0%         N/A       100%        5
 Borgnjor's Vile Clutch   Necr/Erth      0%         N/A       100%        5
 Freezing Cloud           Conj/Ice/Air   0%         6-21      100%        5
 Lee's Rapid Deconstruct  Erth           0%         3d4*      100%        5
 Summon Forest            Summ/Tloc      0%         N/A       100%        5
 Summon Mana Viper        Hex/Summ       0%         N/A       100%        5
 Yara's Violent Unravell  Hex/Tmut       0%         3d3       100%        5
 Conjure Ball Lightning   Conj/Air       0%         3x3d6     100%        6
 Death Channel            Necr           0%         N/A       100%        6
 Eringya's Noxious Bog    Tmut/Pois      0%         N/A       100%        6
 Simulacrum               Ice/Necr       0%         N/A       100%        6
 Statue Form              Tmut/Erth      0%         N/A       100%        6
 Summon Cactus Giant      Summ           0%         N/A       100%        6
 Enfeeble                 Hex            0%         N/A       100%        7
 Haunt                    Necr/Summ      0%         N/A       100%        7
 Malign Gateway           Summ/Tloc      0%         N/A       100%        7
 Storm Form               Tmut/Air       0%         N/A       100%        7
 Summon Hydra             Summ           0%         N/A       100%        7
 Discord                  Hex            0%         N/A       100%        8
 Disjunction              Tloc           0%         N/A       100%        8
 Infestation              Necr           0%         N/A       100%        8
 Necromutation            Tmut/Necr      0%         N/A       100%        8
 Summon Horrible Things   Summ           0%         N/A       100%        8


Dungeon Overview and Level Annotations

Branches:
Dungeon (15/15)            Temple (1/1) D:6            Lair (5/5) D:8
 Shoals (4/4) Lair:3        Snake (4/4) Lair:3        Slime (0/5) Lair:5
    Orc (2/2) D:11            Elf (3/3) Orc:2        Vaults (4/5) D:14
  Crypt (3/3) Vaults:2       Tomb (0/3) Crypt:3      Depths (4/4) D:15
    Zot (3/5) Depths:4      Sewer (visited)          Bailey (visited)
 WizLab (visited)         Gauntlet (visited)

Altars:
Ashenzari
Cheibriados
Dithmenos
Elyvilon
Fedhas
Gozag
Hepliaklqana
Kikubaaqudgha
Makhleb
Nemelex Xobeh
Okawaru
Qazlal
Ru
Sif Muna
Trog
Uskayaw
Vehumet
Wu Jian
Xom
Yredelemnul
Zin
The Shining One
Jiyva

Shops:
D:4 *   D:6 !   Orc:1 ?   Orc:2 =(*[   Shoals:1 [   Shoals:3 *   Snake:2 (
Snake:3 :=:   Snake:4 :*   Vaults:1 *   Depths:3 (

Portals:
Hell: Depths:1 Depths:2 Depths:3 Depths:4
Abyss: Depths:3 Depths:4
Pandemonium: Depths:2
Ziggurat: Depths:3
Trove: D:12 (give 12 potions of heal wounds)

Annotations:
D:15 Roxanne
Lair:5 2 transporters, exclusion: 3 oklob plants, jasper's ghost, journeyman GrFE
Elf:2 3 runed translucent doors
Crypt:2 2 transporters
Depths:4 Vv


Message History

Boldo is recalled.
The rime drake disappears in a puff of smoke!
The storm dragon bites you.
* * * LOW HITPOINT WARNING * * *
The storm dragon claws you but does no damage.
The storm dragon tramples you but does no damage.
The black draconian knight misses you. The green draconian monk hits you!
* * * LOW HITPOINT WARNING * * *
The green draconian monk misses you.
The green draconian monk tail-slaps you but does no damage. x2
The lindwurm bites your orc warrior but does no damage.
The lindwurm misses your orc warrior. The lindwurm claws your orc warrior.
Your orc warrior hits the black draconian knight with a +0 long sword.
Your orc priest casts a cantrip, but nothing happens.
The white draconian stormcaller mumbles some strange prayers to Qazlal against you.
Qazlal smites you!
* * * LOW HITPOINT WARNING * * *
The storm dragon bites you but does no damage.
The storm dragon barely misses you. The storm dragon closely misses you.
The wind drake bites you but does no damage.
The swamp drake bites you but does no damage.
The green draconian monk hits you!
* * * LOW HITPOINT WARNING * * *
The green draconian monk kicks you but does no damage.
The green draconian monk tail-slaps you but does no damage.
The green draconian monk closely misses you.
The black draconian knight hits you but does no damage.
The lindwurm bites your orc warrior but does no damage.
The lindwurm claws your orc warrior.
The lindwurm closely misses your orc warrior.
Your orc warrior hits the black draconian knight with a +0 long sword.
You feel much better.
Ugrim is recalled.
Oreg is recalled.
Your orc knight is recalled.
The ice encasing you melts away. The storm dragon barely misses you.
The storm dragon misses you. The storm dragon tramples you.
* * * LOW HITPOINT WARNING * * *
You hold your ground!
The wind drake completely misses you. The storm dragon bites you!!
You die... ############## #............. #..........<.. #..>o......... #.oqqk........ #.oD@ko.# #ooqoDo.#

.q..q..oo..l.#
......k......#
......######...
...... ....
...... .....
..... .....
.....


You could see a green draconian monk (berserk, drained), a black draconian
knight (fast, drained), a storm dragon (berserk, drained, ally target), a purple
draconian shifter, a quicksilver dragon, a white draconian stormcaller (ally
target), a wind drake (summoned, repels missiles), a lindwurm (summoned), a
komodo dragon (summoned), a swamp drake (summoned), the friendly Saint Roka, the
friendly Bogric the orc warlord, the friendly Oreg the orc warlord, 3 friendly
orc knights, the friendly Ugrim the orc knight, a friendly orc warrior, a
friendly orc priest and the friendly Boldo the orc priest.

Vanquished Creatures
  An orb of fire (Zot:1)
  Mara (Depths:3)
  Sojobo (Depths:1)
  A Killer Klown (Zot:1)
  Bai Suzhen (Snake:4)
  5 caustic shrikes
  3 golden dragons
  Jory (Crypt:2)
  3 bone dragons
  2 electric golems
  A walking crystal tome (Depths:3)
  3 hellephants
  2 liches
  5 tentacled monstrosities
  A walking earthen tome (Depths:3)
  Polyphemus (Shoals:2)
  A quicksilver dragon (Zot:1)
  A kraken (Shoals:3)
  The ghost of math4jedi the Warrior, an adept MiBe of Trog (Snake:4)
  An Executioner (Abyss:2)
  An ancient champion (Crypt:3)
  Kirke (Snake:1)
  9 death cobs
  3 tentacled starspawn (Abyss:3)
  8 sphinxes
  2 tengu reavers (Depths:1)
  3 shadow dragons
  7 nagarajas
  A revenant (Crypt:3)
  2 draconian monks
  Donald (Snake:3)
  Ilsuiw (Shoals:4)
  3 storm dragons
  4 frost giants
  A draconian scorcher (Zot:1)
  6 fire giants
  2 deep elf sorcerers (Elf:3)
  2 iron dragons (Depths:3)
  3 draconian knights
  3 daevas (Depths:1)
  2 draconian stormcallers (Zot:2)
  A curse skull (Crypt:2)
  5 draconian shifters
  30 slime creatures
  9 vault wardens
  5 deep elf elementalists
  A draconian annihilator (Zot:1)
  A caustic shrike zombie (Crypt:3)
  A ghost moth (Zot:1)
  8 ghouls
  15 ironbound preservers
  An angel (Depths:1)
  3 orc warlords
  3 war gargoyles
  17 very ugly things
  8 ironbound thunderhulks
  9 stone giants
  11 vampire knights
  Nessos (Lair:3)
  3 green draconians
  4 white draconians
  7 yellow draconians
  A minotaur (Gauntlet)
  6 black draconians
  15 dire elephants
  A deep elf demonologist (Elf:1)
  9 purple draconians
  A red draconian (Zot:1)
  7 spark wasps
  5 deep elf death magi
  5 deep elf annihilators
  6 eidola
  9 jiangshi
  2 crystal guardians
  9 ettins
  3 entropy weavers
  7 merfolk javelineers
  A mummy priest (Crypt:3)
  2 spriggan zombies
  2 green deaths
  3 deep elf high priests
  10 yaktaur captains
  8 ice dragons
  2 salamander tyrants (Snake:2)
  8 merfolk impalers
  6 fire dragons
  8 great orbs of eyes
  6 vault guards
  4 rakshasas
  Erica (Orc:1)
  4 catoblepae
  8 ironbound frosthearts
  4 merfolk aquamancers (Shoals:4)
  5 peacekeepers
  2 merfolk avatars (Shoals:4)
  2 ogre magi
  5 hydras
  4 spriggan air magi (Depths:2)
  4 death knights
  13 centaur warriors
  5 boulder beetles
  8 two-headed ogres
  9 anacondas
  2 alligator snapping turtles
  8 dancing weapons
  2 deep troll earth magi
  8 deep troll shamans
  7 hell hogs
  11 naga warriors
  2 orc high priests (Orc:2)
  7 tengu warriors
  12 vampire magi
  3 thrashing horrors
  A satyr (Shoals:3)
  11 naga sharpshooters
  5 shock serpents
  3 spriggan berserkers
  8 death yaks
  3 hell knights (Depths:1)
  30 skeletal warriors
  11 deep elf knights
  3 iron trolls
  A sixfirhy (Depths:2)
  Nergalle (Lair:2)
  6 salamander mystics (Snake:2)
  22 sea snakes
  2 shadow wraiths
  7 wretched stars
  A storm dragon skeleton (Abyss:2)
  2 skysharks
  41 deep trolls
  8 flayed ghosts
  An obsidian statue (D:15)
  7 naga ritualists
  8 glowing orange brains
  17 phantasmal warriors
  A golden dragon skeleton (Crypt:1)
  8 deep elf archers
  15 wizards
  A wolf spider zombie (Crypt:1)
  An orange crystal statue (Elf:2)
  4 orc knights
  14 harpies
  10 lindwurms
  12 deep elf zephyrmancers
  12 deep elf pyromancers
  9 necromancers
  19 mana vipers
  A fire giant zombie (Depths:2)
  14 ironbound convokers
  An orc sorcerer (Orc:2)
  79 ugly things
  12 manticores
  11 salamanders
  11 fauns
  11 moths of wrath
  3 cyclopes
  2 wolf spiders
  A centaur zombie (Crypt:3)
  8 elephants
  18 black mambas
  An eye of devastation (shapeshifter) (Depths:2)
  An eleionoma skeleton (Crypt:2)
  4 water nymphs
  A shock serpent zombie (Crypt:2)
  7 guardian serpents
  18 naga magi
  2 orange demons
  11 merfolk sirens
  2 alligator snapping turtle zombies
  An apocalypse crab (Abyss:3)
  12 vault sentinels
  2 eyes of devastation (Depths:3)
  A rust devil (Depths:2)
  43 yaktaurs
  A dire elephant skeleton (Crypt:1)
  4 cane toads
  2 efreet
  5 freezing wraiths
  A rime drake (Lair:5)
  An unseen horror (D:10)
  2 ice devils
  A minotaur skeleton (Crypt:1)
  4 komodo dragons
  3 tengu conjurers
  8 guardian mummies (Crypt:3)
  A hydra zombie (Crypt:1)
  A red draconian skeleton (Crypt:3)
  A polar bear (shapeshifter) (D:14)
  A troll (shapeshifter) (Elf:1)
  An iron troll skeleton (Crypt:2)
  27 merfolk
  4 meliai (Abyss:3)
  A queen bee (Abyss:3)
  A harpy zombie (Crypt:3)
  A polar bear (Lair:2)
  A queen bee (shapeshifter) (D:15)
  6 trolls
  8 wind drakes
  8 raiju
  A tarantella (Vaults:1)
  A shadow dragon simulacrum (Crypt:1)
  13 blink frogs
  13 snapping turtles
  A dream sheep (shapeshifter) (Depths:4)
  4 dream sheep (Lair:5)
  A black mamba zombie (Crypt:3)
  6 large abominations
  2 spriggan skeletons (Depths:2)
  A ynoxinul (Abyss:3)
  6 air elementals
  2 jumping spiders (Gauntlet)
  A shadow (D:9)
  An alligator skeleton (Crypt:3)
  32 yaks
  A hog (shapeshifter) (D:14)
  2 vampires
  23 wraiths
  2 fire elementals
  5 water elementals
  19 starcursed masses
  3 hogs (Snake:1)
  8 humans (Zot:1)
  11 vampire mosquitoes
  6 wyverns
  3 wargs
  A redback (shapeshifter) (D:15)
  2 steam dragons
  A basilisk (D:8)
  2 chaos spawn (Abyss:3)
  6 golden eyes (Abyss:3)
  2 redbacks (Vaults:1)
  Edmund (D:4)
  2 acid dragons
  29 nagas
  A fire bat zombie (Crypt:3)
  9 water moccasins
  3 floating eyes (Depths:3)
  2 ice beasts
  18 orc warriors
  5 black bears
  7 ogres
  5 boggarts (Vaults:1)
  3 small abominations (Abyss:3)
  16 centaurs
  A wolf (Vaults:4)
  A manticore skeleton (Crypt:1)
  2 kobold brigands
  11 bullfrogs
  2 elf zombies (Elf:1)
  2 necrophages (Crypt:2)
  4 scorpions
  A glowing shapeshifter simulacrum (Depths:2)
  2 earth elementals (Elf:1)
  17 wights
  A shapeshifter skeleton (Crypt:2)
  5 howler monkeys
  5 electric eels
  A crimson imp (Abyss:3)
  3 jellies (D:6)
  3 orc priests
  2 basilisk skeletons
  4 hounds
  A boggart zombie (Crypt:3)
  An iguana (D:8)
  A sleepcap (D:5)
  10 orc wizards
  A lightning spire (Gauntlet)
  3 mummies (Crypt:3)
  8 gnolls (Bailey)
  15 adders
  4 river rats (Sewer)
  A steam dragon skeleton (Crypt:2)
  2 white imps
  5 worms
  3 dart slugs
  20 orcs
  14 ball pythons
  A bat skeleton (Crypt:2)
  5 endoplasms
  5 giant cockroaches
  18 hobgoblins
  5 jackals
  17 kobolds
  9 quokkas
  15 bats
  11 frilled lizards
  16 goblins
  2 hobgoblin zombies (Crypt:1)
  A jackal skeleton (Crypt:2)
  6 rats
  2 starspawn tentacles (Abyss:3)
  3 tentacles (Shoals:3)
1758 creatures vanquished.

Vanquished Creatures (collateral kills)
  A lich (Crypt:3)
  An ancient champion (Crypt:1)
  A storm dragon (Zot:1)
  2 nagarajas (Snake:4)
  2 vault wardens
  A fire giant (Depths:3)
  A deep elf sorcerer (Elf:3)
  A caustic shrike zombie (Crypt:3)
  Aizul (Snake:1)
  An ironbound preserver (Vaults:2)
  An orc warlord (Vaults:4)
  A very ugly thing (Abyss:3)
  2 vampire knights (Crypt:3)
  An ironbound thunderhulk (Vaults:2)
  A dire elephant (Vaults:1)
  2 crystal guardians
  A merfolk javelineer (Shoals:4)
  Snorg (D:10)
  2 yaktaur captains (Vaults:1)
  3 jiangshi
  A great orb of eyes (Vaults:3)
  A vault guard (Vaults:4)
  An ironbound frostheart (Vaults:4)
  A death knight (D:10)
  An anaconda (Snake:3)
  2 centaur warriors
  A two-headed ogre (D:14)
  A boulder beetle (Lair:5)
  3 naga warriors
  2 death yaks
  2 vampire magi (Crypt:3)
  A dancing weapon (Elf:3)
  2 deep troll earth magi (Depths:1)
  4 naga sharpshooters
  A skyshark (Lair:2)
  3 skeletal warriors (Crypt:3)
  A storm dragon zombie (Crypt:3)
  A fire crab (D:15)
  2 sea snakes (Snake:4)
  6 deep trolls
  An iron giant zombie (Crypt:3)
  A lindwurm (Vaults:4)
  2 naga ritualists
  2 ironbound convokers
  A wizard (Vaults:2)
  5 orc knights
  3 phantasmal warriors
  A necromancer (Crypt:1)
  An orc sorcerer (Orc:1)
  2 deep elf pyromancers
  A starcursed mass (Abyss:3)
  3 ugly things
  A mana viper (Snake:4)
  A salamander (Snake:1)
  4 vault sentinels
  A naga zombie (Crypt:3)
  5 elephants (Lair:5)
  2 guardian serpents (Snake:4)
  3 naga magi
  2 cane toads
  A torpor snail (Lair:4)
  9 black mambas
  A pale draconian zombie (Crypt:3)
  An efreet (D:14)
  8 yaktaurs
  2 freezing wraiths
  A hydra zombie (Crypt:3)
  An ancient zyme (Abyss:3)
  2 guardian mummies (Crypt:3)
  A meliai (Abyss:3)
  A troll (Orc:2)
  A harpy zombie (Crypt:1)
  2 polar bears (Lair:1)
  8 blink frogs
  2 merfolk (Shoals:4)
  A tengu simulacrum (Vaults:4)
  A moth of wrath zombie (Crypt:3)
  10 dream sheep (Lair:5)
  4 slime creatures
  3 wyverns
  4 wraiths
  11 yaks
  2 vampire mosquitoes (D:11)
  A human (Zot:1)
  A basilisk (Lair:3)
  11 nagas
  A large abomination (Abyss:3)
  4 water moccasins
  5 orc warriors
  A blink frog zombie (Crypt:3)
  A black bear (Lair:1)
  An ogre (Orc:2)
  2 centaurs
  A kobold brigand (D:10)
  6 wights (D:9)
  2 howler monkeys
  An iguana (D:8)
  A black bear skeleton (Crypt:1)
  2 orc wizards
  A mummy (Crypt:3)
  A gnoll (Bailey)
  An ufetubus (Vaults:4)
  An iguana zombie (Crypt:3)
  7 orcs
  4 goblins (Bailey)
  3 training dummies (Depths:3)
  An orc skeleton (Crypt:2)
  2 fungi
  A lurking horror (Abyss:3)
246 creatures vanquished.

Vanquished Creatures (others)
  2 orc warlords
  A green draconian (Zot:1)
  2 orc high priests
  2 deep elf knights (Elf:1)
  15 orc knights
  A wizard (Depths:3)
  A deep elf pyromancer (Elf:2)
  An ugly thing (D:15)
  4 orc sorcerers
  A human (Snake:1)
  11 orc wizards
  26 orc warriors
  15 orc priests
  39 orcs
  58 fungi
  97 plants
  7 starspawn tentacles (Abyss:3)
  4 tentacles (Shoals:3)
287 creatures vanquished.

Grand Total: 2291 creatures vanquished

Notes
Turn   | Place    | Note
-------+----------+-------------------------------------------
     0 | D:1      | CornPuffBuddha the Hill Orc Monk began the quest for the
                  | Orb.
     0 | D:1      | Reached XP level 1. HP: 19/19 MP: 1/1
   187 | D:1      | Reached XP level 2. HP: 7/27 MP: 2/2
   639 | D:1      | Reached skill level 5 in Axes
   755 | D:1      | Reached XP level 3. HP: 33/33 MP: 3/3
  1108 | D:2      | Found an opulent altar of Gozag.
  1273 | D:2      | Found a faded altar of an unknown god.
  1593 | D:2      | Identified the +7 whip "Tocakem" {speed, rF++ rC- rCorr
                  | SInv}
  2073 | D:3      | Reached XP level 4. HP: 36/41 MP: 4/4
  2178 | D:3      | Found a glowing drain.
  2208 | Sewer    | Entered a sewer
  2525 | Sewer    | Reached XP level 5. HP: 4/47 MP: 5/5
  2932 | Sewer    | Reached skill level 5 in Fighting
  4208 | D:4      | Reached XP level 6. HP: 54/56 MP: 6/6
  4288 | D:4      | Noticed Edmund
  4498 | D:4      | Found Cacomid's Serpentskin Sales.
  4513 | D:4      | Bought a +1 ring mail of poison resistance for 130 gold
                  | pieces
  4513 | D:4      | Bought 3 curare-tipped darts for 36 gold pieces
  4628 | D:4      | Killed Edmund
  4976 | D:4      | Reached XP level 7. HP: 63/63 MP: 7/7
  5527 | D:5      | Entered Level 5 of the Dungeon
  5829 | D:5      | Became a worshipper of Beogh the Brigand
  5829 | D:5      | Reached * piety under Beogh
  5829 | D:5      | Reached ** piety under Beogh
  6298 | D:6      | Found Fiotet's Distillery.
  6309 | D:6      | Bought a potion of curing for 39 gold pieces
  6309 | D:6      | Bought a potion of haste for 130 gold pieces
  6354 | D:6      | Reached skill level 10 in Axes
  6485 | D:6      | Reached XP level 8. HP: 73/73 MP: 8/8
  6648 | D:6      | Found a staircase to the Ecumenical Temple.
  6652 | Temple   | Entered the Ecumenical Temple
  7530 | D:7      | Noticed a wyvern
  7539 | D:7      | Killed a wyvern
  7798 | D:7      | Reached XP level 9. HP: 81/82 MP: 9/9
  8371 | D:8      | Reached *** piety under Beogh
  8574 | D:8      | Reached skill level 15 in Axes
  8592 | D:8      | Gained Boruk as an ally
  8593 | D:8      | Reached XP level 10. HP: 77/90 MP: 10/10
  8632 | D:8      | Found a staircase to the Lair.
  9106 | D:9      | Reached skill level 5 in Invocations
  9137 | D:9      | Reached **** piety under Beogh
  9174 | D:9      | Found a flagged portal.
  9183 | Bailey   | Entered a bailey
  9233 | Bailey   | Noticed an orc knight
  9244 | Bailey   | Killed an orc knight
  9245 | Bailey   | Reached skill level 10 in Fighting
  9423 | Bailey   | Noticed an orc warlord
  9615 | Bailey   | Identified the staff of fire "Izam" {Fragile rElec rF+
                  | rCorr}
  9657 | Bailey   | Acquired a manual of Armour
  9658 | Bailey   | Acquired the +1 pair of gloves "Efonamod" {Contam rPois
                  | rN+++ rCorr}
  9712 | D:9      | Reached XP level 11. HP: 83/101 MP: 17/17
 10215 | D:9      | Found a stormy altar of Qazlal.
 10300 | D:10     | Entered Level 10 of the Dungeon
 10310 | D:10     | Reached skill level 10 in Invocations
 10366 | D:10     | Your ally Boruk died
 10389 | D:10     | Noticed Snorg
 10391 | D:10     | Killed Snorg
 10430 | D:10     | Noticed a wolf spider
 10442 | D:10     | Killed a wolf spider
 10449 | D:10     | Gained Harm as an ally
 10450 | D:10     | Noticed a death knight
 10453 | D:10     | Noticed a red ugly thing
 10457 | D:10     | Your ally Harm died
 10460 | D:10     | Killed a death knight
 10462 | D:10     | Killed a red ugly thing
 10701 | D:10     | Noticed a two-headed ogre
 10707 | D:10     | Killed a two-headed ogre
 11142 | D:11     | Noticed a two-headed ogre
 11144 | D:11     | Killed a two-headed ogre
 11415 | D:11     | Found a staircase to the Orcish Mines.
 11496 | D:11     | Acquired the +11 ice dragon scales of Shadows and Fog {Harm
                  | rF- rC++ rCorr MP-9 Dex+4}
 11754 | Lair:1   | Entered Level 1 of the Lair of Beasts
 11807 | Lair:1   | Reached XP level 12. HP: 115/115 MP: 10/19
 11814 | Lair:1   | Found a gate leading to a gauntlet.
 12073 | Gauntlet | Entered a Gauntlet
 12073 | Gauntlet | Found a transporter.
 12097 | Gauntlet | Found a transporter.
 12100 | Gauntlet | Found a transporter.
 12100 | Gauntlet | Found a transporter.
 12103 | Gauntlet | Found a transporter.
 12104 | Gauntlet | Found a transporter.
 12124 | Gauntlet | Noticed an entropy weaver
 12136 | Gauntlet | Identified the +0 helmet of the Nurturing Gods {SInv}
 12144 | Gauntlet | Found a transporter.
 12146 | Gauntlet | Killed an entropy weaver
 12255 | Gauntlet | Noticed a minotaur
 12258 | Gauntlet | Killed a minotaur
 12878 | Lair:2   | Noticed a skyshark
 12884 | Lair:2   | Killed a skyshark
 12920 | Lair:2   | Noticed Nergalle
 12926 | Lair:2   | Killed Nergalle
 12933 | Lair:2   | Reached skill level 1 in Armour
 13669 | Lair:3   | Found a staircase to the Snake Pit.
 13708 | Lair:3   | Noticed Nessos
 13714 | Lair:3   | Killed Nessos
 13715 | Lair:3   | Reached skill level 5 in Armour
 13919 | Lair:3   | Found a blossoming altar of Fedhas.
 14019 | Lair:3   | Found a staircase to the Shoals.
 14128 | Lair:3   | Reached XP level 13. HP: 123/123 MP: 12/21
 14756 | Lair:4   | Found a frozen archway.
 15235 | Lair:5   | Entered Level 5 of the Lair of Beasts
 15244 | Lair:5   | Gained Berold as an ally
 15261 | Lair:5   | Gained Orkrul as an ally
 15262 | Lair:5   | Reached skill level 10 in Armour
 15341 | Lair:5   | Your ally Orkrul died
 15717 | Lair:5   | Found a transporter.
 15727 | Lair:5   | Found a transporter.
 15731 | Lair:5   | Noticed jasper's ghost (journeyman GrFE)
 15896 | Lair:5   | Reached skill level 15 in Fighting
 15944 | Lair:5   | Found a blossoming altar of Fedhas.
 15960 | Lair:5   | Gained Zorug as an ally
 15962 | Lair:5   | Reached XP level 14. HP: 135/135 MP: 14/23
 15976 | Lair:5   | Found a viscous altar of Jiyva.
 15976 | Lair:5   | Found a staircase to the Slime Pits.
 16497 | D:12     | Your ally Zorug died
 16506 | D:12     | Your ally Berold died
 17022 | D:12     | Reached skill level 15 in Armour
 17053 | D:12     | Got Lynoonub's Almanac of Chthonic Hypothermia
 17135 | D:12     | Found a portal to a secret trove of treasure.
 18464 | D:14     | Found a snail-covered altar of Cheibriados.
 18507 | D:14     | Reached XP level 15. HP: 150/150 MP: 15/24
 18621 | D:14     | Reached ***** piety under Beogh
 19039 | D:14     | Found a gate to the Vaults.
 19120 | D:15     | Entered Level 15 of the Dungeon
 19255 | D:15     | Gained Oreg as an ally
 19276 | D:15     | Found a sparkling altar of Nemelex Xobeh.
 19429 | D:15     | Noticed Roxanne
 19587 | D:15     | Found a staircase to the Depths.
 19905 | D:15     | Upgraded the game from 0.30-a0-1018-g25214051b3 to
                  | 0.30-a0-1035-g38d5fb2972
 20099 | D:6      | Bought 2 potions of heal wounds for 130 gold pieces
 20099 | D:6      | Bought a potion of heal wounds for 65 gold pieces
 20099 | D:6      | Bought a potion of heal wounds for 65 gold pieces
 20099 | D:6      | Bought a potion of heal wounds for 65 gold pieces
 20099 | D:6      | Bought a potion of cancellation for 104 gold pieces
 20177 | Snake:1  | Entered Level 1 of the Snake Pit
 20203 | Snake:1  | Reached skill level 1 in Evocations
 20693 | Snake:1  | Noticed Kirke
 20720 | Snake:1  | Killed Kirke
 21103 | Snake:1  | Noticed Aizul
 21113 | Snake:1  | Killed Aizul
 21114 | Snake:1  | Reached XP level 16. HP: 150/167 MP: 13/25
 21945 | Snake:2  | Found a shimmering blue altar of Sif Muna.
 21950 | Snake:2  | Reached skill level 5 in Evocations
 21972 | Snake:2  | Found Ephed's Weapon Shop.
 22094 | Snake:2  | Noticed a nagaraja
 22100 | Snake:2  | Killed a nagaraja
 22969 | Snake:2  | Noticed a nagaraja
 22980 | Snake:2  | Killed a nagaraja
 23340 | Snake:3  | Noticed Donald
 23344 | Snake:3  | Killed Donald
 23704 | Snake:3  | Found Juetogoc's Book Shop.
 23704 | Snake:3  | Found Lotteal's Jewellery Emporium.
 23706 | Snake:3  | Found Osa Usk's Book Shop.
 23717 | Snake:3  | Bought a +4 ring of protection for 576 gold pieces
 23816 | Snake:4  | Entered Level 4 of the Snake Pit
 23827 | Snake:4  | Reached XP level 17. HP: 137/176 MP: 17/26
 24016 | Orc:1    | Entered Level 1 of the Orcish Mines
 24102 | Orc:1    | Noticed Erica
 24111 | Orc:1    | Killed Erica
 24321 | Orc:2    | Entered Level 2 of the Orcish Mines
 24322 | Orc:2    | Found Peeh's Antique Weapon Boutique.
 24324 | Orc:2    | Gained Gorm as an ally
 24650 | Orc:2    | Found a staircase to the Elven Halls.
 24733 | Orc:2    | Found Kedouw's Jewellery Emporium.
 24766 | Orc:2    | Found Lempeg's General Store.
 24775 | Orc:2    | Bought a scroll of blinking for 112 gold pieces
 24953 | Orc:2    | Found Ubla's Antique Armour Shoppe.
 24964 | Orc:2    | Bought a shiny helmet for 180 gold pieces
 25114 | Orc:1    | Found Vedayna's Magic Scroll Shoppe.
 25119 | Orc:1    | Reached skill level 10 in Evocations
 25346 | Orc:1    | Bought a scroll of magic mapping for 97 gold pieces
 26134 | Snake:4  | Found Tonahyi's Mayhem Merchandise.
 26142 | Snake:4  | Noticed Bai Suzhen
 26151 | Snake:4  | Got a serpentine rune of Zot
 26313 | Snake:4  | Your ally Gorm died
 26322 | Snake:4  | Gained Orbeogh as an ally
 26334 | Snake:4  | Your ally Orbeogh died
 26609 | Snake:4  | Found Saihiphix's Book Emporium.
 26657 | Snake:4  | Found a runed translucent door.
 26658 | Snake:4  | Noticed math4jedi's ghost (adept MiBe)
 26674 | Snake:4  | Killed math4jedi's ghost
 26675 | Snake:4  | Reached skill level 1 in Throwing
 27110 | Snake:4  | Killed Bai Suzhen
 27370 | Vaults:1 | Entered Level 1 of the Vaults
 27510 | Vaults:1 | Gained Boghold as an ally
 27530 | Vaults:1 | Reached XP level 18. HP: 161/188 MP: 18/27
 27542 | Vaults:1 | Noticed a lich
 27544 | Vaults:1 | Killed a lich
 27810 | Shoals:1 | Entered Level 1 of the Shoals
 27918 | Shoals:1 | Found Oxogas's Armour Boutique.
 28562 | Shoals:2 | Upgraded the game from 0.30-a0-1035-g38d5fb2972 to
                  | 0.30-a0-1043-g60ff8d5f49
 28806 | Shoals:2 | Noticed Polyphemus
 28821 | Shoals:2 | Killed Polyphemus
 28955 | Shoals:2 | Found a flickering gateway to a bazaar.
 28961 | Bazaar   | Entered a bazaar
 29002 | Bazaar   | Found Aculymn's Weapon Shoppe.
 29003 | Bazaar   | Found Decez's Book Shoppe.
 29044 | Bazaar   | Found Vicepnon's General Store.
 29044 | Bazaar   | Found Pukyonurph's Antique Weapon Emporium.
 29123 | Bazaar   | Bought 4 boomerangs of dispersal for 144 gold pieces
 29123 | Bazaar   | Bought a wand of roots (3) for 43 gold pieces
 29925 | Shoals:3 | Found Duatid's Assorted Antiques.
 30834 | Shoals:4 | Entered Level 4 of the Shoals
 30850 | Shoals:4 | Gained Ognian as an ally
 30857 | Shoals:4 | Your ally Ognian died
 30897 | Shoals:4 | Identified the +6 great sword of Havoc {heavy, rPois rF-
                  | MP+9 Dex-3}
 30950 | Shoals:4 | Reached ****** piety under Beogh
 31022 | Shoals:4 | Gained Bogric as an ally
 31022 | Shoals:4 | Your ally Bogric died
 31102 | Shoals:4 | Got a barnacled rune of Zot
 31279 | Shoals:4 | Noticed Ilsuiw
 31288 | Shoals:4 | Killed Ilsuiw
 31454 | Shoals:4 | Reached XP level 19. HP: 198/198 MP: 19/28
 31717 | Shoals:4 | Identified the ring of Cyffer {+Blink rC++ rCorr AC+4
                  | Dex-2}
 32995 | Vaults:1 | Gained Oruk as an ally
 33344 | Vaults:1 | Found Caraleusm's Assorted Antiques.
 33354 | Vaults:1 | Bought a scroll of teleportation for 78 gold pieces
 33354 | Vaults:1 | Bought a potion of curing for 78 gold pieces
 33628 | Vaults:1 | Your ally Oruk died
 33932 | Vaults:2 | Gained Bogwik as an ally
 34090 | Vaults:2 | Your ally Bogwik died
 34095 | Vaults:2 | Gained Ugrim as an ally
 34246 | Vaults:2 | Reached XP level 20. HP: 178/211 MP: 16/29
 34336 | Vaults:2 | Found a staircase to the Crypt.
 34629 | Vaults:2 | Identified the +1 cloak of Ytidic {Slay+4}
 35377 | Vaults:3 | Gained Morguth as an ally
 35735 | Vaults:3 | Your ally Morguth died
 35885 | Vaults:3 | Paralysed by a great orb of eyes for 2 turns
 35937 | Vaults:3 | Gained Zorug as an ally
 36975 | Elf:1    | Entered Level 1 of the Elven Halls
 37012 | Elf:1    | Paralysed by an air elemental for 1 turns
 37016 | Elf:1    | Paralysed by an air elemental for 1 turns
 37222 | Elf:1    | Found a magical portal.
 37227 | WizLab   | Entered Iskenderun's Mystic Tower
 37314 | Elf:1    | Identified the +9 trident "Iceeng" {holy, *Noise *Corrode
                  | Str+8 SInv}
 37707 | Elf:1    | Reached XP level 21. HP: 221/221 MP: 21/30
 37727 | Elf:1    | Got Zuymn's Handbook of Spectres
 37882 | Elf:2    | Paralysed by an air elemental for 1 turns
 37884 | Elf:2    | Paralysed by an air elemental for 1 turns
 37889 | Elf:2    | Paralysed by an air elemental for 1 turns
 38163 | Elf:2    | Identified the ring of the Spinneret {rCorr Dex+6}
 38252 | Elf:2    | Gained Dorog as an ally
 38310 | Elf:2    | Gained Boldo as an ally
 38323 | Elf:2    | Found a runed translucent gate.
 38324 | Elf:2    | Found a runed translucent gate.
 38324 | Elf:2    | Found a runed translucent gate.
 38463 | Elf:2    | Found a gateway to a bazaar.
 38472 | Bazaar   | Entered a bazaar
 38504 | Bazaar   | Found Tujeuss Viki's Antique Armour Shop.
 38517 | Bazaar   | Found Wexkol's Jewellery Shop.
 38564 | Bazaar   | Bought a pair of smoking gloves for 209 gold pieces
 38564 | Bazaar   | Identified the +1 pair of gloves of Spring {rElec rF+} (You
                  | bought it in a shop in a bazaar)
 38583 | Bazaar   | Bought the ring of Tatuhoit {Drain Fly Str+5 Slay+3} for
                  | 378 gold pieces
 39139 | Vaults:4 | Gained Bogbarth as an ally
 39146 | Vaults:4 | Reached skill level 5 in Throwing
 39467 | Vaults:4 | Gained Garbold as an ally
 39796 | Vaults:4 | Reached skill level 27 in Fighting
 40061 | Vaults:4 | Your ally Bogbarth died
 40376 | Vaults:4 | Gained Orkwin as an ally
 40949 | Elf:3    | Entered Level 3 of the Elven Halls
 41137 | Elf:3    | Paralysed by an air elemental for 1 turns
 41312 | Abyss:2  | Cast into level 2 of the Abyss (deep elf sorcerer)
 41473 | Abyss:2  | Reached XP level 22. HP: 195/233 MP: 22/31
 41482 | Elf:3    | Escaped the Abyss
 41504 | Elf:3    | Reached skill level 10 in Throwing
 41506 | Elf:3    | Your ally Garbold died
 41536 | Abyss:3  | Cast into level 3 of the Abyss (a deep elf sorcerer)
 41673 | Abyss:3  | Gained Bogdar as an ally
 41698 | Abyss:3  | Your ally Bogdar died
 41746 | Abyss:3  | Gained Beowulf as an ally
 41888 | Abyss:3  | Got an abyssal rune of Zot
 41891 | Abyss:3  | Gained Borgun as an ally
 41917 | Abyss:3  | Found a corrupted altar of Lugonu.
 41924 | Elf:3    | Escaped the Abyss
 42184 | Depths:1 | Entered Level 1 of the Depths
 42185 | Depths:1 | Noticed Sojobo
 42245 | D:15     | Found the +7 great mace "Undeadhunter" {deathbane, rN+}
 42538 | Depths:1 | Killed Sojobo
 42542 | Depths:1 | Gained Marbork as an ally
 42586 | Depths:1 | Identified the +1 tower shield of Lust {Str+5}
 42620 | Depths:1 | Your ally Marbork died
 42676 | Depths:1 | Found the +1 cloak of Starlight {*Dazzle EV+4 Stlth--}
 42821 | Depths:1 | Gained Argrim as an ally
 42981 | Depths:1 | Found a gateway to Hell.
 43520 | Depths:3 | Reached skill level 27 in Armour
 43568 | Depths:3 | Paralysed by a sphinx for 5 turns
 43578 | Depths:3 | Upgraded the game from 0.30-a0-1043-g60ff8d5f49 to
                  | 0.30-a0-1053-gbd8d5ba0ad
 43724 | Depths:3 | Your ally Argrim died
 43751 | Abyss:3  | Cast into level 3 of the Abyss (a wizard)
 43757 | Depths:3 | Escaped the Abyss
 43760 | Depths:3 | Paralysed by a sphinx for 2 turns
 44250 | Depths:3 | Found a one-way gateway to a ziggurat.
 44251 | Depths:3 | Paralysed by a floating eye for 4 turns
 44258 | Depths:3 | Paralysed by a floating eye for 3 turns
 44334 | Depths:3 | Reached XP level 23. HP: 226/240 MP: 23/32
 44348 | Depths:3 | Noticed Mara
 44349 | Depths:3 | Upgraded the game from 0.30-a0-1053-gbd8d5ba0ad to
                  | 0.30-a0-1066-g63dfefce0d
 44362 | Depths:3 | Killed Mara
 44401 | Depths:3 | Found Giter's Firing Range.
 44414 | Depths:3 | Bought a throwing net for 54 gold pieces
 44414 | Depths:3 | Bought 2 silver boomerangs for 216 gold pieces
 44414 | Depths:3 | Bought a throwing net for 54 gold pieces
 44625 | Depths:3 | Found a one-way gate to the infinite horrors of the Abyss.
 46671 | Depths:2 | Reached skill level 15 in Invocations
 47190 | Depths:2 | Gained Blodwig as an ally
 47349 | Depths:2 | Found a one-way gate leading to the halls of Pandemonium.
 47400 | Depths:2 | Found a shimmering altar of Xom.
 47450 | Depths:2 | Reached skill level 5 in Dodging
 47535 | Depths:4 | Entered Level 4 of the Depths
 47554 | Depths:4 | Noticed a golden dragon
 47570 | Depths:4 | Killed a golden dragon
 47824 | Depths:4 | Noticed a caustic shrike
 47829 | Depths:4 | Noticed a caustic shrike
 47830 | Depths:4 | Noticed a caustic shrike
 47830 | Depths:4 | Noticed a caustic shrike
 47830 | Depths:4 | Noticed a caustic shrike
 47831 | Depths:4 | Killed a caustic shrike
 47961 | Depths:4 | Killed a caustic shrike
 48041 | Depths:4 | Killed a caustic shrike
 48084 | Abyss:3  | Found a corrupted altar of Lugonu.
 48084 | Abyss:3  | Cast into level 3 of the Abyss (purple draconian)
 48126 | Depths:4 | Escaped the Abyss
 48254 | Depths:4 | Killed a caustic shrike
 48339 | Depths:4 | Noticed a golden dragon
 48352 | Depths:4 | Killed a golden dragon
 48393 | Depths:4 | Identified the +4 arbalest of Karma {freeze, Int+4}
 48433 | Depths:4 | Noticed Vv
 48603 | Depths:3 | Killed a caustic shrike
 48980 | Crypt:1  | Entered Level 1 of the Crypt
 49044 | Crypt:1  | Reached XP level 24. HP: 234/249 MP: 34/34
 49092 | Crypt:1  | Gained Bogric as an ally
 49405 | Crypt:1  | Reached skill level 10 in Dodging
 49415 | Crypt:1  | Your ally Orkwin died
 49469 | Crypt:1  | Identified the +2 chain mail of the Kangaroo {rElec Will+
                  | Dex+7}
 49832 | Crypt:2  | Upgraded the game from 0.30-a0-1066-g63dfefce0d to
                  | 0.30-a0-1074-g5db6f66fbb
 50244 | Crypt:2  | Found a transporter.
 50309 | Crypt:2  | Noticed Jory
 50326 | Crypt:2  | Killed Jory
 50449 | Crypt:2  | Found a transporter.
 50641 | Crypt:3  | Entered Level 3 of the Crypt
 51077 | Crypt:3  | Acquired the +15 Maxwell's patent armour {-Cast -Tele rElec
                  | Will+ rCorr}
 51077 | Crypt:3  | Found the +15 Maxwell's patent armour {-Cast -Tele rElec
                  | Will+ rCorr}
 51175 | Crypt:3  | Identified the +5 leather armour of Least Resistance {rC-
                  | rCorr Dex+5}
 51234 | Crypt:3  | Found a staircase to the Tomb.
 51543 | Crypt:3  | Noticed Saint Roka
 51911 | Crypt:3  | Found an ancient bone altar of Kikubaaqudgha.
 52129 | Crypt:3  | Got Khufu's Excursus on Spectres
 53191 | Depths:4 | Found a gate to the Realm of Zot.
 53208 | Zot:1    | Entered Level 1 of the Realm of Zot
 53361 | Zot:1    | Reached XP level 25. HP: 193/257 MP: 34/34
 53468 | Zot:1    | Gained Hilgar as an ally
 53473 | Zot:1    | Your ally Hilgar died
 53553 | Zot:1    | Reached skill level 15 in Dodging
 53824 | Zot:1    | Noticed an orb of fire
 53834 | Zot:1    | Noticed a Killer Klown
 53838 | Zot:1    | Killed an orb of fire
 53857 | Zot:1    | Killed a Killer Klown
 55324 | Zot:3    | HP: 6/257 [green draconian monk (8)]
 55325 | Zot:3    | Slain by a storm dragon

Illustrated notes

Levels and vault maps discovered:
D:1:      dpeg_arrival_solitude, layout_loops_ring, minmay_hexomino_u4
D:2:      layout_basic, basic_altar, shapermc_ecumenical_altar_mp_urbaneastern,
          minmay_door_square, minivault_19, hex_large, supply_closet_lemuel,
          hangedman_decor_lopped
D:3:      layout_rooms, portal_sewer_entry_f, kennysheep_generic_room_12
D:4:      layout_layer_cave, guppyfry_shop_venom, uniq_edmund
D:5:      layout_basic, minmay_misc_feat_cross
D:6:      layout_basic, minmay_temple_entry_glassed_door,
          kennysheep_pointless_box, nicolae_wooded_promenade,
          serial_bayou_crossing
D:7:      layout_loops_cross, dk_noncrumbling_3, minivault_14,
          small_statue_intersection
D:8:      layout_basic, minmay_lair_entry_grove
D:9:      layout_basic, nicolae_qazlal_scattered_showers, enter_bailey_2
D:10:     layout_rooms, minmay_mirror_moons_of_madness, uniq_snorg
D:11:     layout_loops_ring, orc_0_dummy
D:12:     layout_loops_ring, enter_trove_0, minmay_diamond_spiral
D:13:     layout_stronghold
D:14:     layout_roguey, david_vaults_4, cheibriados_altar_1, minivault_27,
          minivault_24
D:15:     gammafunk_enter_depths_forms, layout_rooms, corexii_corridor_pit,
          minivault_16, hangedman_decor_diamond_cutter,
          chequers_serial_rivers_micro_d, nemelex_spade_bored_becter,
          uniq_roxanne
Temple:   compressed_dpeg_triangle_lava_temple
Lair:1:   layout_roguey, gauntlet_entry_generic, gammafunk_lair_bear_cave
Lair:2:   layout_gridlike, serial_bayou_shore_b, uniq_nergalle
Lair:3:   layout_regular_city, nicolae_shoals_entry_roost,
          guppyfry_snake_entry_garden, lemuel_centaur_altar,
          serial_bayou_shore_a, uniq_nessos
Lair:4:   layout_cave_pods, portal_ice_cave_entry_pillars_1,
          grunt_forest_stairs_basic, chequers_serial_rivers_micro_d
Lair:5:   evilmike_catoblepas_cave, layout_big_grid, slime_entry_1,
          gammafunk_ghost_berserking_beasts, basic_altar, dpeg_oklob_1,
          serial_bayou_shore_b
Shoals:1: layout_shoals, nicolae_take_the_stairs
Shoals:2: layout_shoals, serial_shops, bzr_entry_safe, uniq_polyphemus
Shoals:3: layout_shoals, serial_shops, shop, nicolae_shoals_dead_sea_scrolls
Shoals:4: shoals_end_grunt_ice, layout_shoals, shoals_ilsuiw_ice
Snake:1:  layout_layer_cave, grunt_ministairs_15, uniq_aizul, uniq_kirke
Snake:2:  cheibrodos_snake_lava_hold, layout_misc_corridors, basic_altar,
          serial_shops, shop
Snake:3:  layout_rooms, grunt_megastairs_2, lemuel_fruit_tree,
          minmay_shop_grove, uniq_donald
Snake:4:  grunt_snake_rune_pools, layout_cave_town, serial_shops,
          nicolae_lakefront_shop, ebering_ghost_reflecting_pool,
          minmay_shop_mayhem, nicolae_snake_squiggles, uniq_bai_suzhen
Orc:1:    layout_caves, serial_shops, shop, uniq_erica
Orc:2:    grunt_orc_gardens, layout_diamond_mine, grunt_orc_garden,
          grunt_orc_garden, grunt_orc_garden, grunt_orc_garden
Elf:1:    layout_gridlike, mu_enter_wizlab_1, minmay_elf_necromancy
Elf:2:    nicolae_elf_blades_crystal_corner, layout_gridlike, serial_shops,
          statue_bzr
Elf:3:    minmay_elf_hall_spiked, layout_geoelf_grid
Vaults:1: ontoclasm_vaults_ring_square, v_rooms_3, v_pattern_2,
          nicolae_vaults_windows_and_doors_thing, ontoclasm_vaults_gallery,
          ontoclasm_vaults_ligature, nicolae_vaults_little_squares_3,
          nicolae_vaults_circle_grid_b, v_misc_25, layout_vaults_omnicross,
          serial_shops, nicolae_square_shop
Vaults:2: minmay_crypt_entry_simple_plaza, st_diamondy,
          nicolae_vaults_bisected_slash, hangedman_vaults_nails,
          ontoclasm_vaults_fault, nicolae_vaults_little_squares_5,
          hangedman_vaults_slice, nicolae_vaults_shelves_hall,
          hangedman_vaults_stretched_pinwheel, layout_vaults_omnibox
Vaults:3: nicolae_vaults_twisting_passages, vaults_room_fancy_cross,
          nicolae_vaults_back_hallway, hangedman_vaults_stretched_pinwheel,
          vaults_dpeg_encased_lava, ontoclasm_vaults_shout, v_pattern_5,
          nicolae_vaults_little_squares_5, v_misc_3, nicolae_vaults_triangles,
          nicolae_vaults_theta, ontoclasm_vaults_twist, hangedman_vaults_trim,
          hangedman_vaults_maws, layout_vaults_maze
Vaults:4: vaults_room_hallway, nicolae_vaults_yaktaur_gun_rack, v_rooms_1,
          v_misc_10, v_misc_32, v_rooms_2, hangedman_vaults_stream,
          ontoclasm_vaults_idyll, kb_rosetta, serial_ice_b,
          layout_vaults_omnigrid
Crypt:1:  layout_gridlike
Crypt:2:  gammafunk_dig_for_victory, layout_gridlike, uniq_jory
Crypt:3:  church_of_pain_bobbens, layout_chaotic_city, tomb_entry_shell_bobbens,
          minmay_guarded_unrand_curses, uniq_saint_roka
Depths:1: layout_basic, hell_entry, kennysheep_path_1,
          hellmonk_guarded_unrand_starlight, uniq_sojobo
Depths:2: kennysheep_funnel, layout_cave_shapes, rand_demon_pan_entry_9,
          lemuel_coloured_pillars_altar, grunt_hell_entry_dis_grunt
Depths:3: evilmike_hourglass, layout_gridlike, enter_ziggurat_d, abyss_entry,
          grunt_hell_horde, minmay_misc_feat_tower, nicolae_shop_firing_range,
          uniq_mara
Depths:4: grunt_zot_entry_alcove, layout_cross, ebering_ghost_reflecting_pool,
          hell_entry, abyss_entry_small_statue_room,
          chequers_serial_rivers_room_b, serial_sigils,
          serial_sigils_hangedman_scar, serial_sigils_hangedman_clutch,
          serial_sigils_hangedman_carve, serial_sigils_hangedman_snap,
          serial_sigils_hangedman_writhe, uniq_vv
Zot:1:    circus_mu, layout_cellular_growth
Zot:2:    layout_twisted_circle
Zot:3:    layout_cellular_growth, skrybe_zot_glass_1, uniq_parghit

Skill      XL: |  1  2  3  4  5  6  7  8  9 10 11 12 13 14 15 16 17 18 19 20 21 22 23 24 25 |
---------------+----------------------------------------------------------------------------+-----
Fighting       | 4 5 6 7 8 10 13 15 18 21 22 23 24 25 26 27 | 27.0
Axes           | 5 6 7 8 10 12 15 16 17 20 | 20.0
Invocations    | 9 10 12 15 | 15.0
Armour         | 6 13 15 16 18 20 22 24 25 27 | 27.0
Evocations     | 4 9 10 13 | 13.3
Throwing       | 3 4 9 11 12 | 12.0
Dodging        | 9 14 15 | 15.0
Stealth        | |  1.5

Action                     |  1- 3 |  4- 6 |  7- 9 | 10-12 | 13-15 | 16-18 | 19-21 | 22-24 | 25-27 || total
---------------------------+-------+-------+-------+-------+-------+-------+-------+-------+-------++-------
  Melee: Hand axe          |   163 |   292 |    48 |       |       |       |       |       |       ||   503
         Punch             |       |     2 |     2 |       |       |       |       |       |       ||     4
         War axe           |       |       |   120 |   121 |       |       |       |       |       ||   241
         Battleaxe         |       |       |       |   150 |   543 |   755 |   921 |  1382 |   294 ||  4045
         Unarmed           |       |       |       |       |     7 |       |       |       |       ||     7
  Throw: Boomerang         |     1 |     2 |     3 |       |     2 |       |       |       |       ||     8
         Dart              |       |     1 |     6 |       |       |       |       |       |       ||     7
         Throwing net      |       |       |       |       |       |     1 |       |     6 |       ||     7
         Javelin           |       |       |       |       |       |    23 |    21 |    29 |       ||    73
 Invoke: Convert to Beogh  |       |       |     1 |       |       |       |       |       |       ||     1
         Smiting           |       |       |       |    18 |    20 |    26 |    14 |    28 |     3 ||   109
         Recall Orcish Fol |       |       |       |     5 |     2 |     1 |       |       |     1 ||     9
Ability: Evoke Blink       |       |       |       |       |       |       |     2 |       |       ||     2
  Evoke: Wand              |       |       |     2 |     5 |     3 |    15 |    24 |    11 |     1 ||    61
         Phantom mirror    |       |       |       |       |       |     1 |     1 |     2 |     1 ||     5
         Tin of tremorston |       |       |       |       |       |       |     1 |     1 |       ||     2
    Use: Scroll            |       |     5 |     9 |    18 |       |    12 |     5 |    15 |     1 ||    65
         Potion            |       |       |     1 |     3 |     3 |     9 |    10 |    10 |     2 ||    38
   Stab: Sleeping          |     2 |     1 |       |       |       |       |       |       |       ||     3
         Distracted        |       |     1 |       |     1 |     3 |     6 |     2 |     6 |     1 ||    20
         Petrifying        |       |       |       |       |     2 |       |       |       |       ||     2
         Paralysed         |       |       |       |       |       |     1 |       |       |       ||     1
         Held in net/web   |       |       |       |       |       |       |       |     3 |       ||     3
 Armour: Robe              |    33 |       |       |       |       |       |       |       |       ||    33
         Leather armour    |     3 |    85 |       |       |       |       |       |       |       ||    88
         Chain mail        |       |    35 |   121 |    41 |       |       |       |       |       ||   197
         Plate armour      |       |       |       |    50 |       |       |       |   226 |   301 ||   577
         Ice dragon scales |       |       |       |    66 |   262 |   608 |   704 |   233 |       ||  1873
         Storm dragon scal |       |       |       |       |       |       |       |   617 |       ||   617
  Dodge: Dodged            |   118 |   178 |    60 |   109 |   274 |   390 |   404 |   609 |   198 ||  2340

Table legend: (Time is in decaauts)
 A = Elapsed time spent in this place.
 B = Non-inter-level travel time spent in this place.
 C = Inter-level travel time spent in this place.
 D = Time resting spent in this place.
 E = Time spent auto-exploring this place.
 F = Levels seen in this place.
 G = Mean time per level.
                   A        B        C        D        E       F      G
               +--------+--------+--------+--------+--------+-----+--------+
         Total |  54633 |  48974 |   5659 |   6955 |  28707 |  58 |  941.9 |
       Dungeon |  15393 |  12303 |   3090 |    714 |   8953 |  15 | 1026.2 |
        Temple |    356 |    340 |     16 |      0 |    326 |   1 |  356.0 |
          Lair |   4576 |   4174 |    402 |     51 |   3365 |   5 |  915.2 |
        Shoals |   4109 |   3837 |    272 |    380 |   2159 |   4 | 1027.2 |
     Snake Pit |   5202 |   5009 |    193 |   1060 |   2684 |   4 | 1300.5 |
  Orcish Mines |   1629 |   1378 |    251 |    415 |    789 |   2 |  814.5 |
   Elven Halls |   2269 |   2129 |    140 |    307 |   1180 |   3 |  756.3 |
        Vaults |   6531 |   5883 |    648 |   1250 |   3142 |   4 | 1632.8 |
         Crypt |   3423 |   3347 |     76 |    396 |   1857 |   3 | 1141.0 |
        Depths |   5509 |   4989 |    520 |   1499 |   1776 |   4 | 1377.2 |
           Zot |   2026 |   1977 |     49 |    378 |   1041 |   3 |  675.3 |
         Abyss |    563 |    563 |      0 |     67 |     79 |   4 |  140.8 |
        Bazaar |    330 |    330 |      0 |      0 |    130 |   2 |  165.0 |
         Sewer |   2010 |   2010 |      0 |    336 |   1027 |   1 | 2010.0 |
        Bailey |    485 |    485 |      0 |     88 |    150 |   1 |  485.0 |
        Wizlab |     12 |     12 |      0 |      0 |      0 |   1 |   12.0 |
      Gauntlet |    201 |    201 |      0 |     13 |     48 |   1 |  201.0 |
               +--------+--------+--------+--------+--------+-----+--------+

Top non-repeatable levels by time:
Depths:3: 2328 daAuts
   Sewer: 2010 daAuts
Vaults:1: 1918 daAuts
 Crypt:3: 1779 daAuts
 Snake:1: 1776 daAuts
Vaults:2: 1633 daAuts
Vaults:4: 1533 daAuts
    D:14: 1500 daAuts
 Snake:4: 1468 daAuts
Vaults:3: 1446 daAuts
    D:15: 1360 daAuts
     D:4: 1355 daAuts
Depths:2: 1282 daAuts
Shoals:4: 1274 daAuts
     D:2: 1175 daAuts
